 Dungeon Crawl Stone Soup version 0.20.1-1-g8b1a95d (webtiles) character file.

626 HammerPanzer the Carver (level 7, 0/64 HPs)
             Began as a Minotaur Berserker on Oct 31, 2017.
             Was a Priest of Trog.
             Succumbed to Sigmund's poison
             ... on level 4 of the Dungeon.
             The game lasted 00:08:48 (2613 turns).

HammerPanzer the Carver (Minotaur Berserker)        Turns: 2613, Time: 00:08:48

Health: 0/64       AC: 11    Str: 21    XL:     7   Next: 23%
Magic:  6/6        EV:  6    Int:  5    God:    Trog [***...]
Gold:   140        SH:  3    Dex: 11    Spells: 6/6 levels left

rFire    . . .     SeeInvis .   n - +0 long sword
rCold    + . .     Gourm    .   t - +0 buckler
rNeg     . . .     Faith    .   o - +0 plate armour
rPois    .         Spirit   .   (helmet restricted)
rElec    .         Reflect  .   (no cloak)
rCorr    .         Harm     .   (no gloves)
MR       ++...                  (no boots)
Stlth    ..........             (no amulet)
Regen    1.2/turn               r - ring of protection from cold
MPRegen  0.1/turn               (no ring)

@: lethally poisoned (0 -> -5), berserk cooldown, regenerating, slowed, very
slow
A: retaliatory headbutt, horns 2
a: Berserk, Trog's Hand, Burn Spellbooks, Renounce Religion


You were on level 4 of the Dungeon.
You worshipped Trog.
Trog was most pleased with you.
You were very hungry.

You visited 1 branch of the dungeon, and saw 4 of its levels.

You collected 140 gold pieces.

Inventory:

Hand Weapons
 n - a +0 long sword (weapon)
Armour
 o - a +0 plate armour (worn)
 t - a +0 buckler (worn)
Jewellery
 r - a ring of protection from cold (left hand)
Wands
 k - a wand of polymorph (9/24)
Scrolls
 f - a scroll of fog {unknown}
 g - 3 scrolls of identify {unknown}
 i - a scroll of blinking {unknown}
 j - a scroll of noise {unknown}
 u - a scroll of magic mapping {unknown}
 x - 3 scrolls of teleportation {unknown}
Potions
 a - a potion of berserk rage {unknown}
 d - a potion of heal wounds {unknown}
 e - 3 potions of brilliance {unknown}
 h - 3 potions of mutation {unknown}
 l - 6 potions of curing {unknown}
 m - 2 potions of might {unknown}
 p - a potion of flight {unknown}
 s - a potion of lignification {unknown}
 w - a potion of ambrosia {unknown}
Comestibles
 b - 2 meat rations
 c - 3 bread rations
 q - 5 chunks of flesh
 v - a royal jelly


   Skills:
 + Level 6.4 Fighting
 * Level 8.5 Long Blades
 - Level 2.4 Armour
 - Level 2.1 Dodging


You had 6 spell levels left.
You didn't know any spells.

Dungeon Overview and Level Annotations

Branches:
Dungeon (4/15)             Temple (0/1) D:4

Altars:
Hepliaklqana
Ru


Innate Abilities, Weirdness & Mutations

You reflexively headbutt those who attack you in melee.
You have a pair of horns on your head.


Message History

* * * LOW HITPOINT WARNING * * *
You feel very sick.
You are no longer berserk.
You are exhausted.
You feel yourself slow down.
* * * LOW HITPOINT WARNING * * *
You feel sick.
You see here a bread ration.
Eat one of 5 chunks of flesh? (ye/n/q)
Okay, then.
Your skin crawls.
You feel resistant to hostile enchantments.
You are feeling very hungry.
* * * LOW HITPOINT WARNING * * *
You feel very sick.
There is a lethal amount of poison in your body!
There is a lethal amount of poison in your body!
* * * LOW HITPOINT WARNING * * *
You feel very sick.
You die...

#....# #.##.<#...#
.....#
###'##.####+####
.....#
#..............#
.....#
#..............#
#....#
#..............#
#....#
#..............#
#....#
#........)##..##
#....# #.........#
.#
#....###........@#
#
#.....##.........#
#####.##.........#
....#.##.........#
..#.#.##.........#
.<#...##....(....#
..##### ........#
..# ########. ..#


There were no monsters in sight!

Vanquished Creatures
  Sigmund (D:4)
  The ghost of Ymberto the Conjurer, an amateur DECj (D:3)
  A hound (D:4)
  An orc priest (D:4)
  An orc wizard (D:4)
  A centaur skeleton (D:4)
  Ijyb (D:3)
  2 worker ants (D:4)
  Robin (D:4)
  4 gnolls (D:2)
  5 adders
  An ooze (D:1)
  2 adder skeletons (D:4)
  A worm (D:4)
  A dart slug (D:1)
  2 leopard geckos (D:2)
  6 orcs
  4 bats
  A giant cockroach (D:1)
  13 goblins
  8 hobgoblins
  A quokka (D:4)
  2 frilled lizards
  3 kobolds
  4 rats
68 creatures vanquished.

Notes
Turn   | Place    | Note
-------+----------+-------------------------------------------
     0 | D:1      | HammerPanzer the Minotaur Berserker began the quest for the Orb.
     0 | D:1      | Reached XP level 1. HP: 19/19 MP: 0/0
   116 | D:1      | Reached skill level 4 in Long Blades
   169 | D:1      | Reached XP level 2. HP: 27/27 MP: 1/1
   563 | D:2      | Reached XP level 3. HP: 33/33 MP: 2/2
   675 | D:3      | Noticed Ymberto's ghost (amateur DECj)
   680 | D:3      | Killed Ymberto's ghost
   680 | D:3      | Reached skill level 5 in Fighting
   680 | D:3      | Reached skill level 5 in Long Blades
   680 | D:3      | Reached XP level 4. HP: 42/42 MP: 3/3
   680 | D:3      | Reached XP level 5. HP: 48/48 MP: 4/4
   793 | D:3      | Reached ** piety under Trog
   991 | D:3      | Noticed Ijyb
  1023 | D:3      | Killed Ijyb
  1023 | D:3      | Reached skill level 6 in Long Blades
  1583 | D:2      | Found a sacrificial altar of Ru.
  2155 | D:4      | Found a staircase to the Ecumenical Temple.
  2166 | D:4      | Reached XP level 6. HP: 50/57 MP: 5/5
  2267 | D:4      | Noticed Robin
  2274 | D:4      | Reached skill level 7 in Long Blades
  2285 | D:4      | Killed Robin
  2397 | D:4      | Found a hazy altar of Hepliaklqana.
  2412 | D:4      | Reached *** piety under Trog
  2586 | D:4      | Noticed Sigmund
  2607 | D:4      | Killed Sigmund
  2607 | D:4      | Reached skill level 8 in Long Blades
  2607 | D:4      | Reached XP level 7. HP: 16/64 MP: 6/6
  2611 | D:4      | HP: 3/64 [poisoned by Sigmund]
  2612 | D:4      | HP: 1/64 [poisoned by Sigmund]
  2613 | D:4      | Succumbed to Sigmund's poison

Skill      XL: |  1  2  3  4  5  6 |
---------------+-------------------+-----
Long Blades    | 4 5 6 8 |  8.5
Fighting       | 4 5 6 |  6.4
Armour         | |  2.4
Dodging        | |  2.1

Action                   |  1- 3 |  4- 6 |  7- 9 || total
-------------------------+-------+-------+-------++-------
Melee: Falchion          |    35 |     3 |       ||    38
       Headbutt          |     5 |    22 |       ||    27
       Long sword        |       |   115 |       ||   115
       Unarmed           |       |    15 |       ||    15
Invok: Berserk           |     1 |     3 |       ||     4
       Trog's Hand       |       |       |     1 ||     1
  Eat: Chunk             |       |     6 |       ||     6
       Royal jelly       |       |     1 |       ||     1
Armor: Animal skin       |     4 |       |       ||     4
       Ring mail         |     4 |     2 |       ||     6
       Plate armour      |       |    78 |       ||    78
Dodge: Dodged            |    24 |    43 |       ||    67
Block: Buckler           |       |    10 |       ||    10
       Rpst.: Falchion   |     6 |       |       ||     6
       Long sword        |       |    11 |       ||    11
